 Dungeon Crawl Stone Soup version 0.31-a0-219-g8d62b2e7bb (webtiles) character file.

Game seed: 7976875979518853666

747 Hubris850 the Sneak (level 7, -3/32 HPs)
             Began as a Spriggan Enchanter on July 3, 2023.
             Was an Initiate of Makhleb.
             Killed by divine providence
             ... invoked by an orc priest
              (13 damage)
             ... on level 6 of the Dungeon.
             The game lasted 00:10:47 (3621 turns).

Hubris850 the Sneak (Spriggan Enchanter)            Turns: 3621, Time: 00:10:48

Health: -3/32      AC:  4    Str:  4    XL:     7   Next: 48%
Magic:  16/16      EV: 19    Int: 19    God:    Makhleb [......]
Gold:   182        SH:  0    Dex: 15    Spells: 11/16 levels left

rFire   . . .        a - +1 dagger
rCold   . . .        (no shield)
rNeg    . . .        b - +0 robe
rPois   .            (helmet restricted)
rElec   .            f - +1 cloak
rCorr   .            (gloves unavailable)
SInv    +            (boots unavailable)
Will    +....        p - amulet of faith
Stlth   ++++         (no ring)
HPRegen 0.25/turn    (no ring)
MPRegen 0.15/turn

%: faith
@: very quick
A: very small, no large weapons, unfitting armour, see invisible, speed 3
a: Renounce Religion


You were on level 6 of the Dungeon.
You worshipped Makhleb.
Makhleb was noncommittal.
You visited 1 branch of the dungeon, and saw 7 of its levels.

You collected 182 gold pieces.

Inventory:

Hand Weapons
 a - a +1 dagger (weapon)
Missiles
 n - 2 poisoned darts (quivered)
Armour
 b - a +0 robe (worn)
 f - a +1 cloak (worn)
Jewellery
 p - an amulet of faith (around neck)
Wands
 q - a wand of acid (11)
Scrolls
 h - 2 scrolls of blinking
 i - a scroll of butterflies
 j - 4 scrolls of teleportation
 k - a scroll of revelation
 o - a scroll of enchant armour
 r - a scroll of identify
 u - a scroll of immolation {unknown}
Potions
 c - 2 potions of invisibility
 d - 3 potions of might
 e - a potion of heal wounds
 g - a potion of haste
 l - a potion of enlightenment {unknown}
 m - a potion of brilliance
 s - a potion of resistance {unknown}
 t - a potion of attraction {unknown}


   Skills:
 - Level 1.1 Short Blades
 + Level 5.8 Dodging
 + Level 7.6 Stealth
 + Level 5.3 Spellcasting
 + Level 6.0 Hexes
 + Level 2.2 Invocations


You had 11 spell levels left.
You knew the following spells:

 Your Spells              Type           Power      Damage    Failure   Level
a - Confusing Touch       Hex            27%        N/A       3%          3
b - Ensorcelled Hibernat  Hex/Ice        32%        N/A       5%          2

Your spell library contained the following spells:

 Spells                   Type           Power      Damage    Failure   Level
 Tukima's Dance           Hex            27%        N/A       3%          3
 Dazzling Flash           Conj/Hex       32%        N/A       11%         3
 Shock                    Conj/Air       20%        1d4       12%         1
 Swiftness                Air            5%         N/A       34%         3
 Airstrike                Air            2%         2d(1-17)  75%         4


Dungeon Overview and Level Annotations

Branches:
Dungeon (7/15)
 Temple: D:4-7

Altars:
Gozag
Kikubaaqudgha
Makhleb
Ru
Vehumet
Xom
Zin

Portals:
Ossuary: D:5

Annotations:
D:6 3 runed translucent doors, Zonian's ghost, novice DEEE; epsilonplus's ghost, novice DrTm


Innate Abilities, Weirdness & Mutations

You are very small and have problems with some larger weapons.
You are too small for most types of armour.
You have supernaturally acute eyesight. (SInv)
You cover ground extremely quickly. (Speed+++)


Message History

The orc is moderately wounded.
The orc priest looks satisfied for a moment.
You barely miss the orc.
The orc is moderately wounded.
The orc priest calls down the wrath of Beogh upon you.
Beogh smites you!
* * * LOW HITPOINT WARNING * * *
The orc closely misses you.
You hit the orc but do no damage.
The orc is moderately wounded.
The orc barely misses you.
You hit the orc.
The orc is heavily wounded.
The orc priest calls upon Beogh to heal the orc.
The orc's wounds heal themselves!
The orc completely misses you.
You hit the orc.
The orc is heavily wounded.
A scorpion comes into view.
The orc closely misses you.
You hit the orc.
You kill the orc!
Makhleb accepts your kill.
You barely miss the orc. The orc closely misses you.
You closely miss the orc. The orc completely misses you.
You closely miss the orc. The orc hits you but does no damage.
You hit the orc.
The orc is heavily wounded.
The orc hits you but does no damage.
You closely miss the orc.
The orc is heavily wounded.
The orc closely misses you.
You hit the orc but do no damage. You punch the orc, but do no damage.
The orc is heavily wounded.
The orc completely misses you.
You closely miss the orc.
The orc is heavily wounded.
The orc barely misses you.
The orc priest invokes the aid of Beogh against you.
Beogh smites you!
You die... ##### ##...## #.....## #...... ..o.. oos

#o# ####@#####
#........# #....###.#
#..#####.# #........#
## ##.####### #. ###.#
#. #...## ##.......##
#.
#....####.........###.


You could see a scorpion, an orc priest and 3 orcs.

Vanquished Creatures
  A black bear (D:4)
  A centaur (D:5)
  Blork the orc (D:4)
  A scorpion (D:4)
  A bullfrog (D:6)
  A wight (D:6)
  2 jellies
  Jessica (D:2)
  4 iguanas
  2 gnolls
  4 adders
  A shadow imp (D:6)
  A white imp (D:6)
  A dart slug (D:4)
  3 worms
  5 orcs
  9 ball pythons
  4 bats
  5 endoplasms
  3 giant cockroaches
  6 goblins
  7 hobgoblins
  8 jackals
  7 kobolds
  A frilled lizard (D:1)
  5 rats
85 creatures vanquished.

Notes
Turn   | Place    | Note
-------+----------+-------------------------------------------
     0 | D:1      | Hubris850 the Spriggan Enchanter began the quest for the
                  | Orb.
     0 | D:1      | Reached XP level 1. HP: 9/9 MP: 5/5
   170 | D:1      | Reached XP level 2. HP: 8/13 MP: 6/6
   714 | D:2      | Reached skill level 5 in Stealth
   714 | D:2      | Reached XP level 3. HP: 12/16 MP: 8/8
   718 | D:2      | Learned a level 3 spell: Confusing Touch
   721 | D:2      | Learned a level 2 spell: Ensorcelled Hibernation
   929 | D:2      | Noticed Jessica
   936 | D:2      | Killed Jessica
  1041 | D:2      | Reached XP level 4. HP: 21/21 MP: 8/10
  1520 | D:3      | Found a faded altar of an unknown god.
  1624 | D:3      | Found a shimmering altar of Xom.
  1860 | D:3      | Found a burning altar of Makhleb.
  1979 | D:4      | Noticed a scorpion
  1985 | D:4      | Killed a scorpion
  1986 | D:4      | Reached XP level 5. HP: 24/24 MP: 10/12
  2016 | D:4      | Reached skill level 6 in Stealth
  2050 | D:4      | Reached skill level 5 in Hexes
  2324 | D:4      | Found an ancient bone altar of Kikubaaqudgha.
  2325 | D:4      | Found a glowing silver altar of Zin.
  2327 | D:4      | Found a sacrificial altar of Ru.
  2328 | D:4      | Found a radiant altar of Vehumet.
  2390 | D:4      | Reached XP level 6. HP: 28/28 MP: 13/13
  2514 | D:3      | Became a worshipper of Makhleb the Destroyer
  2595 | D:4      | Reached skill level 5 in Dodging
  2771 | D:4      | Noticed Blork the orc
  2778 | D:4      | Killed Blork the orc
  2779 | D:4      | Reached skill level 1 in Invocations
  3076 | D:5      | Entered Level 5 of the Dungeon
  3078 | D:5      | Found an opulent altar of Gozag.
  3187 | D:5      | Reached skill level 7 in Stealth
  3303 | D:5      | Found a sand-covered staircase.
  3312 | D:5      | Reached skill level 5 in Spellcasting
  3312 | D:5      | Reached XP level 7. HP: 25/32 MP: 8/15
  3313 | D:5      | You fall into a shaft and drop 2 floors!
  3371 | D:6      | Found a runed translucent gate.
  3371 | D:6      | Found a runed translucent gate.
  3371 | D:6      | Found a runed translucent gate.
  3373 | D:6      | Noticed Zonian's ghost (novice DEEE)
  3373 | D:6      | Noticed epsilonplus's ghost (novice DrTm)
  3621 | D:6      | Killed from afar by an orc priest

Illustrated notes

Levels and vault maps discovered:
D:1:      matt_arrival_grand_opening, layout_rooms,
          minmay_misc_feat_secret_circle
D:2:      layout_basic, uniq_jessica
D:3:      layout_rooms, lightli_temple_of_fire, mainiacjoe_overflow_chevrons,
          shapermc_ecumenical_altar_totnotflames
D:4:      layout_loops_ring, minitemple, minmay_distorted, uniq_blork_the_orc
D:5:      layout_loops_corners, mainiacjoe_overflow_catwalk, temple_doors_e,
          enter_ossuary_3
D:6:      layout_loops_corners, portal_sewer_entry_f, gammafunk_ghost_cemetery
D:7:      layout_loops_cross, uniq_pikel

Skill      XL: |  1  2  3  4  5  6  7 |
---------------+----------------------+-----
Dodging        | 3 4 5 |  5.8
Spellcasting   | 3 4 5 |  5.3
Hexes          | 4 5 6 |  6.0
Stealth        | 5 6 7 |  7.6
Invocations    | 1 2 |  2.2
Short Blades   | |  1.1

Action                     |  1- 3 |  4- 6 |  7- 9 || total
---------------------------+-------+-------+-------++-------
  Melee: Dagger            |   119 |   145 |    63 ||   327
         Punch             |       |       |     3 ||     3
  Throw: Dart              |       |     2 |       ||     2
   Cast: Confusing Touch   |     1 |     1 |       ||     2
         Ensorcelled Hiber |       |    10 |     3 ||    13
    Use: Scroll            |       |    11 |       ||    11
   Stab: Sleeping          |     4 |    20 |     4 ||    28
         Confused          |     1 |     1 |       ||     2
         Distracted        |       |     1 |       ||     1
 Armour: Robe              |     8 |    14 |     6 ||    28
  Dodge: Dodged            |    84 |   110 |    34 ||   228

Table legend: (Time is in decaauts)
 A = Elapsed time spent in this place.
 B = Non-inter-level travel time spent in this place.
 C = Inter-level travel time spent in this place.
 D = Time resting spent in this place.
 E = Time spent auto-exploring this place.
 F = Levels seen in this place.
 G = Mean time per level.
                   A        B        C        D        E       F      G
               +--------+--------+--------+--------+--------+-----+--------+
         Total |   2584 |   2428 |    156 |    333 |   1275 |   7 |  369.1 |
       Dungeon |   2584 |   2428 |    156 |    333 |   1275 |   7 |  369.1 |
               +--------+--------+--------+--------+--------+-----+--------+

Top non-repeatable levels by time:
     D:4: 775 daAuts
     D:2: 535 daAuts
     D:1: 483 daAuts
     D:3: 424 daAuts
     D:6: 234 daAuts
     D:5: 128 daAuts
     D:7: 3 daAuts
